 Dungeon Crawl Stone Soup version 0.26.0-3-g156281e41b (webtiles) character file.

Game seed: 1488182908127329679

168 jackrogers the Chopper (level 5, -6/42 HPs)
             Began as a Minotaur Gladiator on Jan 10, 2021.
             Was an Initiate of Yredelemnul.
             Mangled by Pikel
             ... wielding a +2 whip of electrocution
              (19 damage)
             ... on level 5 of the Dungeon.
             The game lasted 00:05:35 (2761 turns).

jackrogers the Chopper (Minotaur Gladiator)         Turns: 2761, Time: 00:05:36

Health: -6/42      AC: 10    Str: 19    XL:     5   Next: 24%
Magic:  0/4        EV:  8    Int: 11    God:    Yredelemnul [......]
Gold:   182        SH:  0    Dex: 12    Spells: 4/4 levels left

rFire    . . .     SeeInvis .   a - +1 war axe
rCold    . . .     Faith    .   (no shield)
rNeg     . . .     Spirit   +   m - +0 chain mail
rPois    .         Reflect  .   c - +1 hat
rElec    .         Harm     .   (no cloak)
rCorr    .         Rampage  .   (no gloves)
Will     .....                  j - +0 pair of boots
Stlth    ..........             B - amulet of guardian spirit
HPRegen  0.14/turn              i - +6 ring of intelligence
MPRegen  0.09/turn              (no ring)

@: no status effects
A: retaliatory headbutt, horns 2
a: Renounce Religion


You were on level 5 of the Dungeon.
You worshipped Yredelemnul.
Yredelemnul was noncommittal.
You visited 1 branch of the dungeon, and saw 5 of its levels.

You collected 182 gold pieces.

Inventory:

Hand Weapons
 a - a +1 war axe (weapon)
 y - a +0 trident
Missiles
 d - 3 throwing nets
 k - 8 silver javelins
 q - 134 stones (quivered)
 s - 6 boomerangs
Armour
 b - a +0 leather armour
 c - a +1 hat (worn)
 f - a +0 ring mail
 g - a +0 scale mail
 j - a +0 pair of boots (worn)
 m - a +0 chain mail (worn)
 C - the +2 ring mail of Ferocious Birdsong {-Cast rPois Dex+5, unknown}
   (You found it on level 4 of the Dungeon)

   It affects your dexterity (+5).
   It protects you from poison.
   It prevents spellcasting.
Jewellery
 i - a +6 ring of intelligence (left hand)
 l - an uncursed amulet of magic regeneration
 r - a -4 ring of dexterity
 u - an uncursed ring of willpower
 B - an amulet of guardian spirit (around neck)
Wands
 w - a wand of random effects (10)
Scrolls
 n - a scroll of teleportation
 v - a scroll of identify
 x - a scroll of fear
 A - 2 scrolls of remove curse
Potions
 e - 2 potions of cancellation
 h - 4 potions of lignification
 o - a potion of curing
 p - a potion of haste {unknown}
 t - 2 potions of might {unknown}
 z - a potion of mutation {unknown}


   Skills:
 - Level 2.4 Fighting
 + Level 7.2 Axes
 - Level 2.0 Throwing
 - Level 3.2 Dodging


You had 4 spell levels left.
You didn't know any spells.
Your spell library was empty.

Dungeon Overview and Level Annotations

Branches:
Dungeon (5/15)
 Temple: D:4-7

Altars:
Hepliaklqana
Makhleb
Qazlal
Xom
Yredelemnul

Annotations:
D:3 2 transporters, vaultlich's ghost, amateur MfGl
D:5 Pikel


Innate Abilities, Weirdness & Mutations

You reflexively headbutt those who attack you in melee.
You have a pair of horns on your head.


Message History

* * * LOW HITPOINT WARNING * * *
You feel better. Pikel hits you but does no damage.
You hit Pikel. You headbutt Pikel.
Pikel is heavily wounded.
Pikel hits you but does no damage.
You feel better.
Pikel says, "Hell isn't that bad."
Pikel hits you with a +2 whip of electrocution.
You hit Pikel. Your headbutt misses Pikel.
Pikel is heavily wounded.
Pikel hits you with a +2 whip of electrocution.
You slash Pikel!
Pikel is severely wounded.
Pikel barely misses you. You furiously retaliate!
You headbutt Pikel, but do no damage. You hit Pikel but do no damage.
Pikel is severely wounded.
Pikel hits you but does no damage.
You are electrocuted!!
You die...
Your body rises from the dead as a mindless zombie.

. #+##. ######... #....#..#
#....#5.# #....#K.# #....#5.#.#
####### #...@K55..# ......#
#....#5.### ##
......#######....#..# #.
.................#..# #.
...............###..############.
...............# #...............
#####..........####.############.
#...............# ##
#........†#######


You could see Pikel and 4 lemures.

Vanquished Creatures
  A worker ant zombie (D:5)
  A gnoll (D:1)
  5 adders
  4 worms
  5 dart slugs
  2 leopard geckos
  An orc (D:3)
  3 ball pythons
  9 giant cockroaches
  6 goblins
  5 hobgoblins
  4 jackals (D:2)
  8 kobolds
  A quokka (D:3)
  11 bats
  5 frilled lizards
  9 rats
80 creatures vanquished.

Vanquished Creatures (others)
  5 plants (D:4)
  2 withered plants (D:3)
7 creatures vanquished.

Grand Total: 87 creatures vanquished

Notes
Turn   | Place    | Note
-------+----------+-------------------------------------------
     0 | D:1      | jackrogers the Minotaur Gladiator began the quest for the
                  | Orb.
     0 | D:1      | Reached XP level 1. HP: 18/18 MP: 0/0
   142 | D:1      | Reached skill level 4 in Axes
   158 | D:1      | Reached XP level 2. HP: 25/25 MP: 1/1
   609 | D:1      | Reached skill level 5 in Axes
   609 | D:1      | Reached XP level 3. HP: 23/30 MP: 2/2
  1227 | D:2      | Reached XP level 4. HP: 37/37 MP: 3/3
  1230 | D:2      | Reached skill level 6 in Axes
  1848 | D:3      | Found a basalt altar of Yredelemnul.
  2083 | D:3      | Became a worshipper of Yredelemnul the Dark
  2291 | D:3      | Found a hazy altar of Hepliaklqana.
  2326 | D:3      | Reached XP level 5. HP: 42/42 MP: 4/4
  2337 | D:3      | Noticed an ogre
  2339 | D:3      | Noticed vaultlich's ghost (amateur MfGl)
  2344 | D:3      | Reached skill level 7 in Axes
  2353 | D:3      | Found a transporter.
  2355 | D:3      | Noticed an ogre
  2456 | D:3      | Found a transporter.
  2631 | D:4      | Got an ancient ring mail
  2635 | D:5      | Entered Level 5 of the Dungeon
  2668 | D:5      | Found a stormy altar of Qazlal.
  2669 | D:5      | Found a shimmering altar of Xom.
  2670 | D:5      | Found a burning altar of Makhleb.
  2743 | D:5      | Noticed Pikel
  2743 | D:5      | Noticed a lemure
  2743 | D:5      | Noticed a lemure
  2743 | D:5      | Noticed a lemure
  2753 | D:5      | Noticed a lemure
  2755 | D:5      | HP: 1/42 [Pikel/+2 whip of electrocution (3)]
  2761 | D:5      | Mangled by Pikel

Illustrated notes

Levels and vault maps discovered:
D:1:      amcnicky_arrival_wind_blow, layout_loops_ring, kennysheep_doodads
D:2:      layout_loops_ring
D:3:      layout_rooms, yredelemnul_altar_generic,
          lemuel_coloured_pillars_altar, gammafunk_ghost_smash
D:4:      layout_loops_ring, minmay_lizard_king
D:5:      layout_basic, chequers_temple_overflow_statue_of_worship,
          enter_ossuary_3, uniq_pikel, uniq_grinder

Skill      XL: |  1  2  3  4  5 |
---------------+----------------+-----
Axes           | 4 5 6 7 |  7.2
Fighting       | |  2.4
Throwing       | |  2.0
Dodging        | |  3.2

Action                   |  1- 3 |  4- 6 || total
-------------------------+-------+-------++-------
Melee: War axe           |    94 |    89 ||   183
       Headbutt          |     9 |    11 ||    20
  Use: Scroll            |     7 |     6 ||    13
       Potion            |       |     2 ||     2
Armor: Leather armour    |     7 |       ||     7
       Ring mail         |     2 |       ||     2
       Scale mail        |    35 |       ||    35
       Chain mail        |       |    53 ||    53
Dodge: Dodged            |    64 |    41 ||   105
